 Dungeon Crawl Stone Soup version 0.28.0-53-g5a82cb258f (webtiles) character file.

Game seed: 6973923199421153982

22 Peloso the Skirmisher (level 2, -5/25 HPs)
             Began as a Palentonga Fighter on May 22, 2022.
             Splashed by a jelly's acid (11 damage)
             ... on level 2 of the Dungeon on May 23, 2022.
             The game lasted 00:01:56 (743 turns).

Peloso the Skirmisher (Palentonga Fighter)           Turns: 743, Time: 00:01:59

Health: -5/25      AC:  2    Str: 19    XL:     2   Next: 68%
Magic:  2/2        EV:  7    Int:  8    God:
Gold:   5          SH:  4    Dex:  9    Spells: 1/1 levels left

rFire   . . .      SeeInvis +   a - +0 long sword
rCold   . . .      Faith    .   c - +0 buckler
rNeg    . . .      Spirit   .   b - +0 scale mail
rPois   .          Reflect  .   (no helmet)
rElec   .          Harm     .   (no cloak)
rCorr   .          Rampage  .   (no gloves)
Will    .....                   (no barding)
Stlth   ..........              (no amulet)
HPRegen 0.08/turn               (no ring)
MPRegen 0.08/turn               (no ring)

@: corroded
A: large, rugged brown scales 3, see invisible, deformed body, roll 1, armoured
tail
a: Rolling Charge


You were on level 2 of the Dungeon.
You visited 1 branch of the dungeon, and saw 2 of its levels.

You collected 5 gold pieces.

Inventory:

Hand Weapons
 a - a +0 long sword (weapon)
Armour
 b - a +0 scale mail (worn)
 c - a +0 buckler (worn)
Scrolls
 f - a scroll of silence {unknown}
 g - a scroll of teleportation {unknown}
Potions
 d - a potion of might
 e - 2 potions of invisibility {unknown}


   Skills:
 + Level 3.1 Fighting
 + Level 2.3 Long Blades
 + Level 2.7 Armour
 + Level 0.1 Dodging
 + Level 2.5 Shields


You had one spell level left.
You didn't know any spells.
Your spell library was empty.

Dungeon Overview and Level Annotations

Branches:
Dungeon (2/15)

Altars:


Innate Abilities, Weirdness & Mutations

You are completely covered in rugged brown scales. (AC +3, +7% HP)
You have supernaturally acute eyesight. (SInv)
Armour fits poorly on your strangely shaped body.
You can roll at nearby foes to attack.
You have a long armoured tail.


Message History

There is an open door here.
Found a dagger.
You see here 25 stones.
Done exploring.
Done exploring.
(D) Dungeon
Where to? (? - help)
What level of the Dungeon? (default 1, ? - help)
There is a stone staircase leading down here.
You climb downwards.
Found 5 gold pieces.
There is a stone staircase leading up here.
An endoplasm is nearby!
You slash the endoplasm!
You kill the endoplasm!
Found a hunting sling.
You now have 1 gold piece.
Found a stone staircase leading up.
You now have 5 gold pieces (gained 4).
A frilled lizard comes into view.
Found a scroll labelled PAROLO UFENN.
The frilled lizard hisses angrily.
The frilled lizard moves out of view.
A jelly comes into view.
You block the frilled lizard's attack.
You barely miss the frilled lizard. The frilled lizard barely misses you.
You barely miss the frilled lizard. The frilled lizard bites you.
You slash the frilled lizard!
You kill the frilled lizard!
The jelly hits you.
You are splashed with acid.
You slash the jelly!
Your hands burn!
The jelly is heavily wounded.
The jelly hits you but does no damage.
You slash the jelly!
Your hands burn!
* * * LOW HITPOINT WARNING * * *
The jelly is almost dead.
The jelly hits you.
* * * LOW HITPOINT WARNING * * *
The acid corrodes you!
You are splashed with acid!
You die...

.. #. . ##. ..
..#### ... ..
###....#...
#...#.#..?...
#.⌠J#..# #@..#
#.###.#.#
#....#...
####.###?...
#.###........
#######...........
#.....#.###......#
#.###...# #......#
#.# #.### #......#


You could see a jelly.

Vanquished Creatures
  2 ball pythons (D:1)
  4 bats (D:1)
  An endoplasm (D:2)
  5 hobgoblins (D:1)
  2 quokkas (D:1)
  2 frilled lizards
  2 goblins (D:1)
  A kobold (D:1)
  2 rats (D:1)
21 creatures vanquished.

Notes
Turn   | Place    | Note
-------+----------+-------------------------------------------
     0 | D:1      | Peloso the Palentonga Fighter began the quest for the Orb.
     0 | D:1      | Reached XP level 1. HP: 19/19 MP: 1/1
   235 | D:1      | Reached XP level 2. HP: 23/25 MP: 2/2
   743 | D:2      | Splashed by a jelly's acid

Illustrated notes

Levels and vault maps discovered:
D:1:      heliophobic_arrival_ceremonial_halls, layout_rooms,
          corexii_corridor_pit
D:2:      layout_rooms, chequers_serial_rivers_micro_c,
          kennysheep_cluttered_room, grunt_decor_one_mirror,
          corexii_corridor_pit, wad_floor_pattern_2, kennysheep_generic_room_3,
          uniq_jessica, uniq_crazy_yiuf_cottage

Action                   || total
-------------------------++-------
Melee: Long sword        ||    60
       Tailslap          ||     6
Armor: Scale mail        ||    45
Dodge: Dodged            ||    32
Block: Buckler           ||    15
